 Dungeon Crawl Stone Soup version 0.29.1-12-g30fa7ad0bf (webtiles) character file.

Game seed: 8723619610871518191

49 hawla the Chiller (level 4, 0/33 HPs)
             Began as a Meteoran Ice Elementalist on Jan 14, 2023.
             Slain by an ogre
             ... wielding a +0 giant club
              (33 damage)
             ... on level 4 of the Dungeon.
             The game lasted 00:03:27 (568 turns).

hawla the Chiller (Meteoran Ice Elementalist)        Turns: 568, Time: 00:03:29

Health: 0/33       AC:  4    Str:  9    XL:     4   Next: 20%
Magic:  7/10       EV: 13    Int: 18    God:
Gold:   31         SH:  0    Dex: 15    Spells: 6/10 levels left

rFire   . . .      SeeInvis .   h - +4 falchion
rCold   . . .      Faith    .   (no shield)
rNeg    . . .      Spirit   .   a - +0 robe
rPois   .          Reflect  .   c - +1 helmet
rElec   .          Harm     .   (no cloak)
rCorr   .          Rampage  .   (no gloves)
Will    .....                   (no boots)
Stlth   +.........              (no amulet)
HPRegen 0.11/turn               (no ring)
MPRegen 0.12/turn               (no ring)

@: freezing walls, glowing
A: sense surroundings 1, otherworldly, glowing, explore regen
a: no special abilities


You were on level 4 of the Dungeon.
You visited 1 branch of the dungeon, and saw 4 of its levels.

You collected 31 gold pieces.

Inventory:

Hand Weapons
 h - a +4 falchion (weapon)
Armour
 a - a +0 robe (worn)
 c - a +1 helmet (worn)
Jewellery
 j - a ring of protection from cold
Scrolls
 b - a scroll of enchant armour {unknown}
 d - a scroll of silence {unknown}
 f - a scroll of identify {unknown}
Potions
 e - 2 potions of cancellation {unknown}
 g - a potion of curing {unknown}
 i - 2 potions of might {unknown}
 k - a potion of flight {unknown}


   Skills:
 + Level 2.8 Dodging
 - Level 1.4 Stealth
 + Level 3.5 Spellcasting
 + Level 5.2 Ice Magic


You had 6 spell levels left.
You knew the following spells:

 Your Spells              Type           Power      Damage    Failure   Level
a - Freeze                Ice            88%        1d10      1%          1
b - Frozen Ramparts       Ice            44%        1d7       5%          3

Your spell library contained the following spells:

 Spells                   Type           Power      Damage    Failure   Level
 Ozocubu's Armour         Ice            22%        N/A       5%          3
 Foxfire                  Conj/Fire      12%        2x1d4     16%         1
 Ignite Poison            Fire/Tmut/Pois 3%         N/A       43%         3
 Hailstorm                Conj/Ice       12%        3d5       45%         4
 Fireball                 Conj/Fire      1%         3d3       99%         5


Dungeon Overview and Level Annotations

Branches:
Dungeon (4/15) Zot: 1830
 Temple: D:4-7

Altars:
Ashenzari


Innate Abilities, Weirdness & Mutations

You passively map a small area around you.
You are easily found by Zot.
You glow in the dark.
You regain HP and MP as you explore.


Message History

Confirm with . or Enter, or press ? or * to list all spells.
Casting: Frozen Ramparts (dangerous; 5% risk of failure)
Press: ? - help, Dir - look around, f - activate The walls around you are covered in ice.
The wall freezes the goblin.
You barely miss the goblin.
The goblin is moderately wounded.
The wall freezes the goblin.
You kill the goblin!
The frozen ramparts melt away as you move.
Things that are here:
a +0 dagger; a goblin corpse
Found a stone staircase leading down.
i - 2 fuming dark potions (gained 1)
You open the door.
There is an open door here.
j - a ring of protection from cold
k - a metallic white potion
Found 4 javelins.
You now have 31 gold pieces (gained 6).
You pick up Xit Bik's Handbook of the Noxious Pyre and begin reading...
You add the spells Foxfire, Ignite Poison and Fireball to your library.
You open the door.
There is an open door here.
You open the door.
There is an open door here.
You open the door.
An ogre comes into view. It is wielding a +0 giant club.
The ogre shouts!
There is an open door here.
Casting: Frozen Ramparts (dangerous; 5% risk of failure)
Confirm with . or Enter, or press ? or * to list all spells.
Casting: Frozen Ramparts (dangerous; 5% risk of failure)
Press: ? - help, Dir - look around, f - activate An open door.
The walls around you are covered in ice.
The wall freezes the ogre.
The ogre hits you with a +0 giant club!!
Ouch! That really hurt!
You die...

#######################
#..#..........#.......#
#..'..........#..O....#
##+###+##..#####@#* *
.....#.##..##.##.## ,
.....#............#
.....#............# ,,
.....##...###...###, *
#.....#...###...#######
#.....+...............#
+.....#...............#
#.....##############'###


You could see an ogre.

Vanquished Creatures
  An ufetubus (D:4)
  A worm (D:4)
  3 dart slugs
  8 orcs (D:4)
  A bat (D:1)
  2 endoplasms (D:1)
  4 goblins
  A hobgoblin (D:1)
  2 ball pythons (D:4)
  3 rats
26 creatures vanquished.

Notes
Turn   | Place    | Note
-------+----------+-------------------------------------------
     0 | D:1      | hawla the Meteoran Ice Elementalist began the quest for the
                  | Orb.
     0 | D:1      | Reached XP level 1. HP: 14/14 MP: 5/5
   102 | D:1      | Reached XP level 2. HP: 18/20 MP: 0/6
   284 | D:4      | Reached XP level 3. HP: 24/26 MP: 6/8
   293 | D:4      | Learned a level 3 spell: Frozen Ramparts
   309 | D:4      | Reached skill level 5 in Ice Magic
   382 | D:4      | Reached XP level 4. HP: 21/33 MP: 1/10
   404 | D:4      | Found a broken altar of Ashenzari.
   507 | D:4      | Got Xit Bik's Handbook of the Noxious Pyre
   567 | D:4      | Noticed an ogre
   568 | D:4      | Slain by an ogre

Illustrated notes

Levels and vault maps discovered:
D:1:      saegor_arrival_simple_b, layout_loops_ring
D:2:      layout_basic, basic_altar, uniq_natasha
D:3:      layout_loops_corners, serial_shops, shop, shop,
          nicolae_lakefront_shop, nicolae_square_shop,
          ebering_ecumenical_altar_sacrificial, chequers_arboretum, uniq_ijyb
D:4:      layout_gridville, nicolae_wu_jian_wuxing_cycle,
          evilmike_ruin_ashenzari, kennysheep_crisscross

Skill      XL: |  1  2  3 |
---------------+----------+-----
Spellcasting   | 3 |  3.5
Ice Magic      | 5 |  5.2
Dodging        | |  2.8
Stealth        | |  1.4

Action                   |  1- 3 |  4- 6 || total
-------------------------+-------+-------++-------
Melee: Unarmed           |    15 |       ||    15
       Falchion          |       |     5 ||     5
 Cast: Freeze            |    34 |       ||    34
       Frozen Ramparts   |     3 |     2 ||     5
  Use: Potion            |     1 |       ||     1
Armor: Robe              |    18 |     1 ||    19
Dodge: Dodged            |    24 |     1 ||    25
